PUBAA
BEAUMONT ROUGHNECKS @ RED BANK CLERKS
06/05/1972
 
TOP OF THE 1ST
Terry's Bats batting - Pitching for Spokane Words : RHP Bill Williams
Pitching: RHP Bill Williams
Batting: RHB Steve Alford 0-0: Ball
1-0: Ground out 6-3 (Groundball, 6, EV 83.1 MPH)
Batting: LHB Jim Davis 0-0: Ball
1-0: Ball
2-0: DOUBLE (Line Drive, 89D, EV 103.8 MPH) - OUT at third base trying to stretch hit.
Batting: LHB Richie Hebner 0-0: SINGLE (Line Drive, 8RS, EV 108.1 MPH)
Batting: RHB Claude Baker 0-0: Ground out 4-3 (Groundball, 4, EV 78.8 MPH)
Top of the 1st over - 0 runs, 2 hits, 0 errors, 1 left on base; Terry's 0 - Spokane 0
BOTTOM OF THE 1ST
Spokane Words batting - Pitching for Terry's Bats : RHP Walter Howard
Pitching: RHP Walter Howard
Batting: LHB Leland Pearson 0-0: Ball
1-0: Called Strike
1-1: SINGLE (Line Drive, 6MD, EV 95.0 MPH)
Batting: RHB Scott Northey 0-0: Ball
1-0: Ball
2-0: DOUBLE (Line Drive, 3D, EV 102.5 MPH)
Leland Pearson to third
Batting: SHB Raúl Díaz 0-0: Fly out, F7 (Line Drive, 7D, EV 95.6 MPH)
Runner from 3rd tags up, SCORES, throw by LF
Batting: LHB Ralph Boardman 0-0: Called Strike
Scott Northey steals 3rd base
0-1: Ball
1-1: Foul Ball, location: 2F
1-2: Ball
2-2: Ground out 3-1 (Groundball, 34S, EV 88.1 MPH)
Scott Northey scores
Batting: RHB Will Ward 0-0: Ball
1-0: Ball
2-0: SINGLE (Groundball, 56D, EV 102.5 MPH)
Batting: RHB Aurelio Rodriguez 0-0: Foul Ball, location: 2F
0-1: Ball
1-1: Called Strike
1-2: Ball
Wild Pitch!
Will Ward to second
2-2: Ball
3-2: Foul Ball, location: 2F
3-2: Foul Ball, location: 2F
3-2: SINGLE (Groundball, 6D, EV 103.8 MPH)
Will Ward to third
Runner from 3rd tries for Home, SAFE, throw by CF to home
Aurelio Rodriguez to second
Batting: RHB Adrian Sullivan 0-0: Fly out, F8 (Flyball, 89D, EV 94.4 MPH)
Bottom of the 1st over - 3 runs, 4 hits, 0 errors, 1 left on base; Terry's 0 - Spokane 3
TOP OF THE 2ND
Terry's Bats batting - Pitching for Spokane Words : RHP Bill Williams
Batting: LHB Dave Marshall 0-0: Foul Ball, location: 2F
0-1: Foul Ball, location: 2F
0-2: Ball
1-2: Ball
2-2: Ball
3-2: Fly out, F7 (Flyball, 78M, EV 88.1 MPH)
Batting: RHB Rich Severson 0-0: Hit by Pitch
Batting: LHB Dave Wilson 0-0: Ball
1-0: Called Strike
1-1: Foul Ball, location: 2F
1-2: Foul Ball, location: 2F
1-2: Strikes out swinging
Batting: RHB Rene Lachemann 0-0: Fly out, F8 (Line Drive, 8RD, EV 91.2 MPH)
Top of the 2nd over - 0 runs, 0 hits, 0 errors, 1 left on base; Terry's 0 - Spokane 3
BOTTOM OF THE 2ND
Spokane Words batting - Pitching for Terry's Bats : RHP Walter Howard
Batting: RHB Daniel Bonner 0-0: Called Strike
0-1: Swinging Strike
0-2: Ball
1-2: Strikes out looking
Batting: RHB Miguel Quiñones 0-0: SINGLE (Groundball, 6D, EV 96.9 MPH)
Batting: LHB Leland Pearson 0-0: Ball
1-0: Ball
2-0: Ball
3-0: Base on Balls
Miguel Quiñones to second
Batting: RHB Scott Northey 0-0: Ball
1-0: Foul Ball, location: 2F
1-1: Ball
2-1: Ball
3-1: Fly out, F8 (Flyball, 8RD, EV 72.5 MPH)
Batting: SHB Raúl Díaz 0-0: Swinging Strike
0-1: Ball
1-1: Ball
2-1: Called Strike
2-2: Ball
3-2: Base on Balls
Miguel Quiñones to third
Leland Pearson to second
Batting: LHB Ralph Boardman 0-0: Swinging Strike
0-1: Ball
1-1: Ball
2-1: Foul Ball, location: 2F
2-2: Foul Ball, location: 2F
2-2: Ball
3-2: Strikes out swinging
Bottom of the 2nd over - 0 runs, 1 hit, 0 errors, 3 left on base; Terry's 0 - Spokane 3
TOP OF THE 3RD
Terry's Bats batting - Pitching for Spokane Words : RHP Bill Williams
Batting: SHB Darrel Chaney 0-0: Swinging Strike
0-1: Foul Ball, location: 2F
0-2: Ball
1-2: Strikes out swinging
Batting: RHB Steve Alford 0-0: Called Strike
0-1: Called Strike
0-2: Ground out 4-3 (Groundball, 4, EV 85.6 MPH)
Batting: LHB Jim Davis 0-0: Foul Ball, location: 2F
0-1: Called Strike
0-2: Ball
1-2: Ball
2-2: Ground out 4-3 (Groundball, 4MD, EV 85.0 MPH)
Top of the 3rd over - 0 runs, 0 hits, 0 errors, 0 left on base; Terry's 0 - Spokane 3
BOTTOM OF THE 3RD
Spokane Words batting - Pitching for Terry's Bats : RHP Walter Howard
Batting: RHB Will Ward 0-0: Called Strike
0-1: Called Strike
0-2: Ball
1-2: Ball
2-2: Ground out 6-3 (Groundball, 56, EV 103.8 MPH)
Batting: RHB Aurelio Rodriguez 0-0: Called Strike
0-1: Ball
1-1: Called Strike
1-2: Ball
2-2: Foul Ball, location: 2F
2-2: Foul Ball, location: 2F
2-2: Ball
3-2: SINGLE (Groundball, 34D, EV 96.2 MPH)
Batting: RHB Adrian Sullivan 0-0: Called Strike
Aurelio Rodriguez steals 2nd base
0-1: Ball
1-1: Foul Ball, location: 2F
1-2: Ground out 6-3 (Groundball, 6, EV 109.4 MPH)
Batting: RHB Daniel Bonner 0-0: Ball
1-0: Ball
2-0: Called Strike
2-1: Swinging Strike
2-2: Ball
3-2: Strikes out looking
Bottom of the 3rd over - 0 runs, 1 hit, 0 errors, 1 left on base; Terry's 0 - Spokane 3
TOP OF THE 4TH
Terry's Bats batting - Pitching for Spokane Words : RHP Bill Williams
Batting: LHB Richie Hebner 0-0: Foul Ball, location: 2F
0-1: Fly out, F4 (Flyball, 34D, EV 90.0 MPH)
Batting: RHB Claude Baker 0-0: Ball
1-0: Ball
2-0: SINGLE (Groundball, 6MD, EV 94.4 MPH)
Batting: LHB Dave Marshall 0-0: Swinging Strike
0-1: Ground out 3-1 (Groundball, 34S, EV 88.8 MPH)
Claude Baker to second
Batting: RHB Rich Severson 0-0: Fly out, F7 (Flyball, 7LS, EV 86.2 MPH)
Top of the 4th over - 0 runs, 1 hit, 0 errors, 1 left on base; Terry's 0 - Spokane 3
BOTTOM OF THE 4TH
Spokane Words batting - Pitching for Terry's Bats : RHP Walter Howard
Batting: RHB Miguel Quiñones 0-0: Ball
1-0: SINGLE (Groundball, 56D, EV 110.0 MPH)
Batting: LHB Leland Pearson 0-0: Ball
1-0: SINGLE (Line Drive, 78S, EV 94.4 MPH)
Miguel Quiñones to second
Batting: RHB Scott Northey 0-0: Foul Ball, location: 2F
0-1: Ball
1-1: Fielders Choice at 2nd, 4-6 (Groundball, 34, EV 98.8 MPH)
Miguel Quiñones to third
Batting: SHB Raúl Díaz 0-0: Ball
1-0: Ball
Scott Northey steals 2nd base
2-0: Called Strike
2-1: SINGLE (Groundball, 6, EV 95.6 MPH)
Miguel Quiñones scores
Scott Northey to third
Runner from 3rd tries for Home, SAFE, throw by CF to home
Pitching: RHP Bill Williams
Batting: LHB Ralph Boardman 0-0: Called Strike
0-1: Ball
Raúl Díaz steals 2nd base
1-1: Ball
2-1: Ground out 5-3 (Groundball, 56, EV 92.5 MPH)
Batting: RHB Will Ward 0-0: Ball
1-0: Foul Ball, location: 2F
1-1: Ball
2-1: Fly out, F9 (Line Drive, 9, EV 98.8 MPH)
Bottom of the 4th over - 2 runs, 3 hits, 0 errors, 1 left on base; Terry's 0 - Spokane 5
TOP OF THE 5TH
Terry's Bats batting - Pitching for Spokane Words : RHP Bill Williams
Batting: LHB Dave Wilson 0-0: Ground out 5-3 (Groundball, 56, EV 81.9 MPH)
Batting: RHB Rene Lachemann 0-0: Foul Ball, location: 2F
0-1: Foul Ball, location: 2F
0-2: Strikes out swinging
Batting: SHB Darrel Chaney 0-0: Called Strike
0-1: Swinging Strike
0-2: Strikes out swinging
Top of the 5th over - 0 runs, 0 hits, 0 errors, 0 left on base; Terry's 0 - Spokane 5
BOTTOM OF THE 5TH
Spokane Words batting - Pitching for Terry's Bats : RHP Bill Williams
Batting: RHB Aurelio Rodriguez 0-0: Called Strike
0-1: Ball
1-1: Ball
2-1: Fly out, F9 (Flyball, 89S, EV 92.5 MPH)
Batting: RHB Adrian Sullivan 0-0: Ball
1-0: Foul Ball, location: 2F
1-1: Swinging Strike
1-2: Strikes out swinging
Batting: RHB Daniel Bonner 0-0: Ball
1-0: Called Strike
1-1: DOUBLE (Flyball, 8RD, EV 96.2 MPH)
Batting: RHB Miguel Quiñones 0-0: Foul Ball, location: 2F
0-1: Called Strike
0-2: Ground out 5-3 (Groundball, 56S, EV 93.1 MPH)
Bottom of the 5th over - 0 runs, 1 hit, 0 errors, 1 left on base; Terry's 0 - Spokane 5
TOP OF THE 6TH
Terry's Bats batting - Pitching for Spokane Words : RHP Bill Williams
Batting: RHB Steve Alford 0-0: Ball
1-0: Ball
2-0: Called Strike
2-1: Foul Ball, location: 2F
2-2: Ball
3-2: Foul Ball, location: 2F
3-2: Base on Balls
Batting: LHB Jim Davis 0-0: Ball
1-0: Fly out, F4 (Line Drive, 4, EV 70.0 MPH)
Batting: LHB Richie Hebner 0-0: Grounds into double play, 5-4-3 (Groundball, 56, EV 108.1 MPH)
Top of the 6th over - 0 runs, 0 hits, 0 errors, 0 left on base; Terry's 0 - Spokane 5
BOTTOM OF THE 6TH
Spokane Words batting - Pitching for Terry's Bats : RHP Bill Williams
Batting: LHB Leland Pearson 0-0: Foul Ball, location: 2F
0-1: Called Strike
0-2: Fly out, F9 (Flyball, 9D, EV 103.1 MPH)
Batting: RHB Scott Northey 0-0: Ball
1-0: Called Strike
1-1: Swinging Strike
1-2: Foul Ball, location: 2F
1-2: Foul Ball, location: 2F
1-2: Ball
2-2: Strikes out swinging
Batting: SHB Raúl Díaz 0-0: Ball
1-0: Ball
2-0: Ball
3-0: Called Strike
3-1: Base on Balls
Batting: LHB Ralph Boardman 0-0: Ball
Raúl Díaz steals 2nd base
1-0: Ball
2-0: Ball
3-0: SINGLE (Line Drive, 8LS, EV 111.9 MPH)
Raúl Díaz to third
Runner from 3rd tries for Home, SAFE, throw by CF to home
Ralph Boardman to second
Batting: RHB Will Ward 0-0: Ground out U3 (Groundball, 3, EV 110.6 MPH)
Bottom of the 6th over - 1 run, 1 hit, 0 errors, 1 left on base; Terry's 0 - Spokane 6
TOP OF THE 7TH
Terry's Bats batting - Pitching for Spokane Words : RHP Bill Williams
Batting: RHB Claude Baker 0-0: Ball
1-0: Called Strike
1-1: Foul Ball, location: 2F
1-2: Fly out, F7 (Flyball, 7S, EV 95.6 MPH)
Batting: LHB Dave Marshall 0-0: Called Strike
0-1: Ball
1-1: Foul Ball, location: 2F
1-2: Strikes out swinging
Batting: RHB Rich Severson 0-0: Swinging Strike
0-1: Foul Ball, location: 2F
0-2: Ball
1-2: Ground out 4-3 (Groundball, 4, EV 84.4 MPH)
Top of the 7th over - 0 runs, 0 hits, 0 errors, 0 left on base; Terry's 0 - Spokane 6
BOTTOM OF THE 7TH
Spokane Words batting - Pitching for Terry's Bats : RHP Bill Williams
Batting: RHB Aurelio Rodriguez 0-0: Ball
1-0: Ball
2-0: Ball
3-0: Called Strike
3-1: DOUBLE (Line Drive, 89XD, EV 106.2 MPH)
Batting: RHB Adrian Sullivan 0-0: Ball
1-0: Ball
2-0: Ball
3-0: Base on Balls
Batting: RHB Daniel Bonner 0-0: Ball
1-0: Ball
2-0: SINGLE (Groundball, 34D, EV 96.9 MPH)
Aurelio Rodriguez to third
Adrian Sullivan to second
Batting: RHB Miguel Quiñones 0-0: Called Strike
0-1: Foul Ball, location: 2F
0-2: Ball
1-2: Ball
2-2: Ball
Wild Pitch!
Aurelio Rodriguez scores
Adrian Sullivan to third
Daniel Bonner to second
3-2: Foul Ball, location: 2F
3-2: SINGLE (Groundball, 56D, EV 103.8 MPH)
Adrian Sullivan scores
Daniel Bonner to third
Pitching: RHP David Frazier
Batting: LHB Leland Pearson 0-0: Foul Ball, location: 2F
0-1: Ball
1-1: Fielders Choice at 2nd, 4-6 (Groundball, 4, EV 90.0 MPH)
Daniel Bonner scores
Pinch Hitting: LHB José Macías 0-0: Called Strike
0-1: Called Strike
0-2: Ball
1-2: Ball
2-2: Strikes out swinging
Batting: SHB Raúl Díaz 0-0: Swinging Strike
0-1: Swinging Strike
0-2: Foul Ball, location: 2F
0-2: Ball
1-2: Ball
2-2: Ground out 4-3 (Groundball, 4, EV 100.6 MPH)
Bottom of the 7th over - 3 runs, 3 hits, 0 errors, 1 left on base; Terry's 0 - Spokane 9
TOP OF THE 8TH
Terry's Bats batting - Pitching for Spokane Words : RHP Bill Williams
Now in CF: José Macías
Batting: LHB Dave Wilson 0-0: Ball
1-0: Ball
2-0: Ball
3-0: Called Strike
3-1: Ground out 4-3 (Groundball, 4, EV 103.8 MPH)
Batting: RHB Rene Lachemann 0-0: Ground out 6-3 (Groundball, 6M, EV 104.4 MPH)
Batting: SHB Darrel Chaney 0-0: Ball
1-0: Ground out 4-3 (Groundball, 4, EV 101.2 MPH)
Top of the 8th over - 0 runs, 0 hits, 0 errors, 0 left on base; Terry's 0 - Spokane 9
BOTTOM OF THE 8TH
Spokane Words batting - Pitching for Terry's Bats : RHP David Frazier
Batting: LHB Ralph Boardman 0-0: Foul Ball, location: 2F
0-1: Ball
1-1: Foul Ball, location: 2F
1-2: Foul Ball, location: 2F
1-2: Foul Ball, location: 2F
1-2: Foul Ball, location: 2F
1-2: Fly out, F9 (Flyball, 9LM, EV 97.5 MPH)
Batting: RHB Will Ward 0-0: Ball
1-0: Called Strike
1-1: Ball
2-1: Swinging Strike
2-2: Strikes out swinging
Batting: RHB Aurelio Rodriguez 0-0: Foul Ball, location: 2F
0-1: Called Strike
0-2: SINGLE (Groundball, 34D, EV 98.1 MPH)
Batting: RHB Adrian Sullivan 0-0: Ball
1-0: Called Strike
1-1: Swinging Strike
1-2: Strikes out swinging
Bottom of the 8th over - 0 runs, 1 hit, 0 errors, 1 left on base; Terry's 0 - Spokane 9
TOP OF THE 9TH
Terry's Bats batting - Pitching for Spokane Words : RHP Bill Williams
Pinch Hitting: LHB Cristóbal Morales 0-0: Called Strike
0-1: Called Strike
0-2: Ball
1-2: Strikes out swinging
Pinch Hitting: RHB Hank Allen 0-0: Ball
1-0: Foul Ball, location: 2F
1-1: Ground out 6-3 (Groundball, 6, EV 91.2 MPH)
Batting: LHB Richie Hebner 0-0: Ball
1-0: Ball
2-0: Called Strike
2-1: Ball
3-1: Base on Balls
Batting: RHB Claude Baker 0-0: Foul Ball, location: 2F
0-1: Ball
1-1: Ball
2-1: 2-RUN HOME RUN (Line Drive, 7D, EV 95.0 MPH), Distance : 383 ft
Batting: LHB Dave Marshall 0-0: Called Strike
0-1: Ball
1-1: Ball
2-1: Ground out 3-1 (Groundball, 34S, EV 85.0 MPH)
Top of the 9th over - 2 runs, 1 hit, 0 errors, 0 left on base; Terry's 2 - Spokane 9
Monday, March 25th , 2024 - OOTP Baseball 24.8 Build 75